 Dungeon Crawl Stone Soup version 0.18-a0-1343-g48c8f86 (webtiles) character file.

144 M4edhros the Insei (level 5, 0/41 HPs)
             Began as a Mummy Monk on Feb 17, 2016.
             Slain by Prince Ribbit (11 damage)
             ... on level 5 of the Dungeon.
             The game lasted 00:05:10 (4369 turns).

M4edhros the Insei (Mummy Monk)                     Turns: 4369, Time: 00:05:10

Health: 0/41       AC:  1    Str: 15    XL:     5   Next: 5%
Magic:  5/5        EV: 13    Int:  9    God:
Gold:   198        SH:  0    Dex: 17    Spells: 0 memorised, 4 levels left

rFire  x . .     SeeInvis .       - Unarmed
rCold  + . .     Gourm    .     (no armour)
rNeg   + + +     Faith    .     (no shield)
rPois  ∞         Spirit   .     l - +1 hat
rElec  .         Dismiss  .     (no cloak)
rCorr  .         Reflect  .     (no gloves)
SustAt .         Harm     .     (no boots)
MR     .....                    (no amulet)
Stlth  +++.......               (no ring)
                                a - +2 ring of dexterity

@: not resistant to hostile enchantments, fairly stealthy
A: no food or potions, fire vulnerability, cold resistance 1, negative energy
resistance 3, torment resistance, unbreathing
a: no special abilities


You were on level 5 of the Dungeon.
You were not hungry.

You visited 1 branch of the dungeon, and saw 5 of its levels.
You also visited: Ossuary.

You collected 198 gold pieces.

Inventory:

Armour
 l - a +1 hat (worn)
Jewellery
 a - a +2 ring of dexterity (left hand)
 d - an uncursed ring of sustain attributes
Scrolls
 b - 3 scrolls of remove curse
 c - a scroll of enchant weapon
 g - 5 scrolls of identify
 i - 2 scrolls of magic mapping
 j - 2 scrolls of recharging
 k - a scroll of teleportation {unknown}
Comestibles
 f - 5 fruits (quivered)


   Skills:
 - Level 3.0 Fighting
 - Level 2.4 Dodging
 + Level 3.4 Stealth
 + Level 4.4 Unarmed Combat


You had 4 spell levels left.
You didn't know any spells.

Dungeon Overview and Level Annotations

Branches:
Dungeon (5/15)
 Temple: D:4-7

Altars:
Fedhas
Gozag
Pakellas
Qazlal
Ru

Annotations:
D:5 Prince Ribbit


Innate Abilities, Weirdness & Mutations

You do not eat or drink.
Your flesh is vulnerable to fire.
You are immune to poison.
Your flesh is cold resistant.
You are immune to negative energy.
You are immune to unholy pain and torment.
You can survive without breathing.


Message History

Read which item? (? for menu, Esc to quit)
As you read the scroll labeled NERGHE RIBO, it crumbles to dust.
It is a scroll of identify.
Identify which item? (\ to view known items) (? for menu, Esc to quit)
j - 2 scrolls of recharging Prince Ribbit barely misses you.
Read which item? (? for menu, Esc to quit)
You can't read that!
Read which item? (? for menu, Esc to quit)
As you read the scroll labeled CIRO XUKHLIDU, it crumbles to dust.
You feel aware of your surroundings.
You sensed 1 altar.
It was a scroll of magic mapping.
Prince Ribbit hits you!
Prince Ribbit croaks regally.
Prince Ribbit hits you!
* * * LOW HITPOINT WARNING * * *
Read which item? (? for menu, Esc to quit)
As you read the scroll labeled ASOEBAKLIV, it crumbles to dust.
The creatures around you are filled with an inner flame!
It was a scroll of immolation.
Prince Ribbit hits you!
You die...

....#.####.......#**
###.#.# ##.######
,,.,#.# #.#
*####.#####.#
#.......##.#
#......(##.#
#.......##.######
#......8#####8F.#
#......#....M.#@#
#........#..M##.#
#......#.#......#
########.#...#..#
*###..#.#.# * *
*####8..#
*************.####
,,,,,,,,,,,,..*
,**************


You could see Prince Ribbit (inner flame).

Vanquished Creatures
  A worker ant (D:4)
  5 adders
  An ooze (D:2)
  A worm (D:4)
  2 giant geckos (D:2)
  3 orcs
  A ball python (D:3)
  5 bats
  7 giant cockroaches
  8 hobgoblins
  8 kobolds
  A quokka (D:2)
  4 giant newts
  6 goblins
  2 jackal skeletons (D:4)
  5 rats (D:2)
60 creatures vanquished.

Notes
Turn   | Place    | Note
--------------------------------------------------------------
     0 | D:1      | M4edhros the Mummy Monk began the quest for the Orb.
     0 | D:1      | Reached XP level 1. HP: 18/18 MP: 1/1
   677 | D:1      | Reached XP level 2. HP: 21/24 MP: 2/2
  1113 | D:2      | Reached XP level 3. HP: 15/29 MP: 3/3
  1520 | D:2      | Found a blossoming altar of Fedhas.
  1520 | D:2      | Found a stormy altar of Qazlal.
  2705 | D:3      | Reached skill level 4 in Unarmed Combat
  2731 | D:3      | Found an opulent altar of Gozag.
  2736 | D:3      | Found a sacrificial altar of Ru.
  2918 | D:3      | Reached XP level 4. HP: 32/35 MP: 4/4
  4104 | D:4      | Found an oddly glowing altar of Pakellas.
  4121 | D:5      | Entered Level 5 of the Dungeon
  4128 | D:5      | Noticed a phantom
  4203 | D:5      | Reached XP level 5. HP: 23/41 MP: 5/5
  4224 | D:5      | Found a sand-covered staircase.
  4340 | Ossuary  | Entered an ossuary
  4358 | D:5      | Noticed Prince Ribbit
  4369 | D:5      | Slain by Prince Ribbit

Vault maps used:
D:1:      elethiomel_arrival_maze, serial_park_tiny_pond
D:2:      kennysheep_big_flooded_room, grunt_temple_overflow_forces_of_nature
D:3:      minitemple, first_bread
D:4:      grunt_temple_overflow_order_and_chaos_2, grunt_ministairs_15,
          grunt_pakellas_mercury, uniq_menkaure
D:5:      okawaru_ov_weapons_minmay, lightli_ossuary_entry_decrepit_ruins,
          uniq_prince_ribbit1
Ossuary:  ossuary_zaba_flooded

Action                   |  1- 3 |  4- 6 || total
-------------------------+-------+-------++-------
Melee: Unarmed           |   173 |    86 ||   259
  Use: Scroll            |     1 |     5 ||     6
 Stab: Sleeping          |     9 |     6 ||    15
